 Dungeon Crawl Stone Soup version 0.28-a0-1033-g1a2f33fa85 (console) character file.

Game seed: 4607104306514277258

26 petzl the Vexing (level 3, 0/23 HPs)
             Began as an Octopode Arcane Marksman on Dec 8, 2021.
             Slain by a jackal (3 damage)
             ... on level 1 of the Dungeon.
             The game lasted 00:01:19 (1368 turns).

petzl the Vexing (Octopode Arcane Marksman)         Turns: 1368, Time: 00:01:19

Health: 0/23       AC:  1    Str:  9    XL:     3   Next: 8%
Magic:  2/5        EV: 13    Int: 17    God:
Gold:   15         SH:  0    Dex: 12    Spells: 3/4 levels left

rFire   . . .      SeeInvis .   a - +0 hand crossbow
rCold   . . .      Faith    .   (no shield)
rNeg    . . .      Spirit   .   (helmet restricted)
rPois   .          Reflect  .   (no amulet)
rElec   .          Harm     .   (no ring)
rCorr   .          Rampage  .   (no ring)
Will    .....                   (no ring)
Stlth   +++.......              (no ring)
HPRegen 0.07/turn               (no ring)
MPRegen 0.09/turn               (no ring)
                                (no ring)
                                (no ring)

@: very slightly contaminated
A: almost no armour, amphibious, 8 rings, camouflage 1, gelatinous body 1,
(nimble swimmer 1), tentacles
a: no special abilities


You were on level 1 of the Dungeon.
You visited 1 branch of the dungeon, and saw 1 of its levels.

You collected 15 gold pieces.

Inventory:

Hand Weapons
 a - a +0 hand crossbow (weapon)
Jewellery
 f - a ring of magical power
Scrolls
 b - a scroll of identify {unknown}
 d - a scroll of enchant weapon {unknown}
 e - a scroll of immolation {unknown}
 g - a scroll of noise {unknown}
 h - a scroll of vulnerability {unknown}
 k - a scroll of holy word {unknown}
Potions
 i - a potion of heal wounds {unknown}
 j - a potion of cancellation {unknown}


   Skills:
 + Level 1.5 Fighting
 + Level 2.3 Crossbows
 + Level 2.3 Dodging
 + Level 1.5 Stealth
 + Level 1.4 Spellcasting
 - Level 3.0 Hexes


You had 3 spell levels left.
You knew the following spells:

 Your Spells              Type           Power      Damage    Failure   Level
a - Slow                  Hex            44%        N/A       6%          1

Your spell library contained the following spells:

 Spells                   Type           Power      Damage    Failure   Level
 Inner Flame              Hex/Fire       6%         N/A       32%         3
 Portal Projectile        Hex/Tloc       12%        N/A       32%         3
 Cause Fear               Hex            5%         N/A       52%         4


Dungeon Overview and Level Annotations

Branches:
Dungeon (1/15)

Altars:


Innate Abilities, Weirdness & Mutations

You cannot wear most types of armour.
You are amphibious.
You can wear up to eight rings at the same time.
Your skin changes colour to match your surroundings (Stealth+).
Your rubbery body absorbs attacks. (AC +1, EV +1)
((You are camouflaged near water. (Stealth+)))
You have tentacles for arms and can constrict up to eight enemies at once.


Message History

The jackal bites you.
* * * LOW HITPOINT WARNING * * *
The jackal bites you but does no damage.
The jackal bites you.
* * * LOW HITPOINT WARNING * * *
The jackal barely misses you. The jackal misses you.
The jackal barely misses you. The jackal closely misses you.
The jackal barely misses you. The jackal barely misses you.
The jackal misses you. The jackal closely misses you.
Unknown command.
Unknown command.
Unknown command.
The jackal closely misses you. The jackal barely misses you.
The jackal misses you.
Casting: Slow (safe; 6% risk of failure)
Confirm with . or Enter, or press ? or * to list all spells.
Aiming: Slow (safe; 6% risk of failure)
Press: ? - help, Shift-Dir - straight line, f/p - jackal
Aim: a jackal (chance to affect: 64%)
You miscast Slow.
You are very lightly contaminated with residual magic.
Nothing appears to happen.
The jackal barely misses you.
Casting: Slow (safe; 6% risk of failure)
Confirm with . or Enter, or press ? or * to list all spells.
Aiming: Slow (safe; 6% risk of failure)
Press: ? - help, Shift-Dir - straight line, f/p - jackal
Aim: a jackal (chance to affect: 64%)
The jackal struggles to resist.
The jackal closely misses you. The jackal misses you. The jackal bites you.
* * * LOW HITPOINT WARNING * * *
The jackal bites you but does no damage.
Casting: Slow (safe; 6% risk of failure)
Confirm with . or Enter, or press ? or * to list all spells.
Aiming: Slow (safe; 6% risk of failure)
Press: ? - help, Shift-Dir - straight line, f/p - jackal
Aim: a jackal (chance to affect: 64%)
The jackal seems to slow down.
The jackal bites you.
You die...

### ## ##.## ### # .. ##...## ##.#### .. #.
##.....## ###.....# .h #.
###########.......## ......#.# #( #.
##..................# ###...#)# #(.#.
##...###.####.......## ##.##.######
#...(####.....##.## ##.....## ## #.##......#
#(..(hh@.....###..# ##...## .###.#######.#
#.#########.## ##.#####..## .#.........#.#
#.# #.#......# .###.......#.# #.#.# #.#
#.#.###### .# #.......#.# #.#.# ##'##
#.#.######## .# #.......#.# #.#.# ##...##
#.#........# .# #.......#.# #.#.
##.....###.######.#.# .###.......#.###.#.
##.......#..###..#...#
.##........##.##.#.#####..........###...##..#
.†.........#...#.#.....'.........+........#.#
......#####.###..#....##.........####...###.#
####..# #.# ##.#.##.###........# ##....#.#
##.# #.# ### #.# ##.#####.# ####.#.### #.#
#.# #.####.# ##.# #.#.#.#.# #.#####.##
#.#....# ... #.#...#.# ######.......# #.#g#
## .### ### #.#####.#
........####.########.#.#####.#
##.###.......# #########
#..........#.......####..<##.#.##..#
........#
#.###################....###.#>###.#


You could see 2 jackals.

Vanquished Creatures
  A dart slug (D:1)
  7 ball pythons (D:1)
  2 endoplasms (D:1)
  A giant cockroach (D:1)
  A hobgoblin (D:1)
  2 jackals (D:1)
  2 quokkas (D:1)
  2 bats (D:1)
  A frilled lizard (D:1)
  3 kobolds (D:1)
  2 rats (D:1)
24 creatures vanquished.

Notes
Turn   | Place    | Note
-------+----------+-------------------------------------------
     0 | D:1      | petzl the Octopode Arcane Marksman began the quest for the
                  | Orb.
     0 | D:1      | Reached XP level 1. HP: 13/13 MP: 2/2
   333 | D:1      | Reached XP level 2. HP: 14/18 MP: 3/3
   418 | D:1      | Reached skill level 1 in Stealth
  1336 | D:1      | Reached XP level 3. HP: 16/23 MP: 5/5
  1368 | D:1      | Slain by a jackal

Illustrated notes

Levels and vault maps discovered:
D:1:      saegor_arrival_simple_a, layout_loops_corners,
          serial_co_window_serial, co_window_of_opportunity_a,
          co_window_of_opportunity_a, co_window_paths_b, co_window_corner_a,
          co_window_paths_a, co_window_cross_1, co_window_corner_a,
          co_window_of_opportunity_a, co_window_corner_a, co_window_corner_b,
          co_window_broadway_a, co_window_of_opportunity_b, co_window_corner_cb,
          co_window_4corner_b, co_window_paths_d, glass_columns_a,
          glass_columns_a, glass_columns_b

Skill      XL: |  1  2 |
---------------+-------+-----
Stealth        | 1 |  1.5
Fighting       | |  1.5
Crossbows      | |  2.3
Dodging        | |  2.3
Spellcasting   | |  1.4
Hexes          | |  3.0

Action                   || total
-------------------------++-------
 Fire: Hand crossbow     ||    64
 Cast: Slow              ||     2
Armor: Skin              ||     6
Dodge: Dodged            ||    51

Table legend: (Time is in decaauts)
 A = Elapsed time spent in this place.
 B = Non-inter-level travel time spent in this place.
 C = Inter-level travel time spent in this place.
 D = Time resting spent in this place.
 E = Time spent auto-exploring this place.
 F = Levels seen in this place.
 G = Mean time per level.
                   A        B        C        D        E       F      G
               +--------+--------+--------+--------+--------+-----+--------+
         Total |   1393 |   1393 |      0 |     88 |   1113 |   1 | 1393.0 |
       Dungeon |   1393 |   1393 |      0 |     88 |   1113 |   1 | 1393.0 |
               +--------+--------+--------+--------+--------+-----+--------+

Top non-repeatable levels by time:
     D:1: 1393 daAuts
